[Event "Late-Titled-Tuesday-Blitz-September-05-2023"]
[Site "Chess.com"]
[Date "2023.09.05"]
[Round "9"]
[White "Rud_Makarian"]
[Black "lachesisQ"]
[Result "1-0"]
[WhiteElo "2961"]
[BlackElo "3056"]
[TimeControl "180+1"]
[EndTime "15:44:34 PDT"]
[Termination "Rud_Makarian won by resignation"]

1. e4 e6 2. d3 d5 3. Nd2 Nc6 4. Ngf3 e5 5. Be2 Nf6 6. c3 a5 7. O-O Be7 8. Re1 O-O 9. Qc2 h6 10. Nf1 Re8 11. Ng3 Bc5 12. h3 Ba7 13. exd5 Nxd5 14.
Bd2 Qf6 15. d4 exd4 16. Bc4 Be6 17. Nh5 Qd8 18. Bxh6 Ne3 19. fxe3 Bxc4 20. exd4 Rxe1+ 21. Rxe1 gxh6 22. Re4 Qd6 23. Rg4+ Kf8 24. Qh7 Re8 25. Ng7 Be6 26. Qh8+ 1-0

[Event "Late-Titled-Tuesday-Blitz-September-05-2023"]
[Site "Chess.com"]
[Date "2023.09.05"]
[Round "9"]
[White "ContrVersia"]
[Black "vugarrasulov"]
[Result "1-0"]
[WhiteElo "2904"]
[BlackElo "2951"]
[TimeControl "180+1"]
[EndTime "15:44:35 PDT"]
[Termination "ContrVersia won on time"]

1. Nf3 Nf6 2. c4 e6 3. g3 d5 4.
Bg2 dxc4 5. O-O Nbd7 6. Qc2 Nb6 7.
a4 a5 8. Rd1 Bd6 9. Na3 Bxa3 10. Rxa3 O-O 11. d3 cxd3 12. Raxd3 Qe7 13. Be3 Nbd7 14. Qxc7 Nd5 15. Qc1 b6 16. Nd4 Ba6 17. Bxd5 exd5 18. Nf5 Qe4 19. Rxd5 Nf6 20. Nd6 Qxd5 21.
Rxd5 Nxd5 22. Bd4 Ne7 23. Qc3 Rfd8 24. Qc7 Rxd6 25. Qxd6 Nf5 26. Qd5 1-0

[Event "Late-Titled-Tuesday-Blitz-September-05-2023"]
[Site "Chess.com"]
[Date "2023.09.05"]
[Round "9"]
[White "Kostukov_Alex"]
[Black "drinbet"]
[Result "0-1"]
[WhiteElo "2390"]
[BlackElo "2279"]
[TimeControl "180+1"]
[EndTime "15:44:42 PDT"]
[Termination "drinbet won by resignation"]

1. g3 d5 2. Bg2 c6 3. d3 Bf5 4. e4 dxe4 5. dxe4 Qxd1+ 6. Kxd1 Bg6 7. f3 Nd7 8. Be3 e5 9. Nd2 Bc5 10. Ke2 Ne7 11. Nh3 O-O-O 12. Nf2 f6 13. a4 Kc7 14. c3 Bf7 15. b4 Bxe3 16. Kxe3 Nb6 17. Bf1 Be6 18.
Nd3 Nc4+ 19. Nxc4 Bxc4 20. Nc5 Bf7 21. a5 Rd6 22. Be2 Rhd8 23. Rhd1 Rxd1 24. Bxd1 Nc8 25. Be2 Rd6 26. f4 exf4+ 27. gxf4 Rd8 28. Rg1 g6 29. h4 Re8 30. h5 b6 31. axb6+ axb6 32. Nd3 Nd6 33. Nf2 Nxe4 34. Nxe4 f5 35. Bd3 fxe4 36.
Bc2 Re7 37. hxg6 Bxg6 38. Rg5 Kd6 39. f5 Bf7 40. Bxe4 Bd5 41. Rg4 Bxe4 42. Rxe4 Rxe4+ 43.
Kxe4 Ke7 44. Ke5 h5 45. f6+ Kf7 46. Kf5 h4 47. Kg4 Kxf6 48. Kxh4 Ke5 49. Kg4 Ke4 50. Kg5 Kd3 0-1

[Event "Late-Titled-Tuesday-Blitz-September-05-2023"]
[Site "Chess.com"]
[Date "2023.09.05"]
[Round "9"]
[White "Jaka_Brilej"]
[Black "MajorCoast"]
[Result "0-1"]
[WhiteElo "2433"]
[BlackElo "2291"]
[TimeControl "180+1"]
[EndTime "15:44:44 PDT"]
[Termination "MajorCoast won by checkmate"]

1. e4 c6 2. d4 d5 3. exd5 cxd5 4. Bd3 Nc6 5. c3 Qc7 6. Nf3 Bg4 7. Bg5 e6 8. Nbd2 Bd6 9. Bh4 Nge7 10. Bg3 O-O 11. Qb3 Ng6 12. h3 Bxf3 13. Bxd6 Qxd6 14. Nxf3 Nf4 15. Bf1 a6 16. g3 Nh5 17. Bg2 b5 18. O-O Na5 19. Qc2 Nf6 20. Ne5 Nc4 21. f4 Ne3 22. Qe2 Nxf1 23. Rxf1 b4 24. g4 bxc3 25. g5 Nd7 26. bxc3 Nxe5 27. dxe5 Qc5+ 28. Kh1 Qxc3 29. h4 Rab8 30. h5 Rb2 31. Qg4 Rc8 32. g6 hxg6 33.
hxg6 Qc7 34. gxf7+ Qxf7 35. f5 Rc4 36. Qg5 Rbb4 37.
fxe6 Rh4+ 38. Kg1 Qxe6 39. Qd8+ Kh7 40. Bxd5 Rbg4+ 41. Bg2 Rxg2+ 42. Kxg2 Qg4+ 43. Kf2 Rh2+ 44. Ke3 Re2+ 45. Kd3 Qe4+ 46. Kc3 Rc2+ 47. Kb3 Qc4+ 48. Ka3 Rxa2# 0-1

[Event "Late-Titled-Tuesday-Blitz-September-05-2023"]
[Site "Chess.com"]
[Date "2023.09.05"]
[Round "9"]
[White "TreinadorBR"]
[Black "Chessbard1972"]
[Result "0-1"]
[WhiteElo "2348"]
[BlackElo "2487"]
[TimeControl "180+1"]
[EndTime "15:44:45 PDT"]
[Termination "Chessbard1972 won by resignation"]

1. e4 c5 2. Nf3 a6 3. Nc3 e6 4. d4 cxd4 5. Nxd4 Nc6 6. Be3 Bb4 7. Be2 Nf6 8. O-O Bxc3 9. bxc3 Nxe4 10. Nxc6 bxc6 11.
Qd4 Nf6 12. Qb4 a5 13. Qa3 d6 14. Rfd1 Nd5 15. c4 Nxe3 16. Rxd6 Qe7 17. fxe3 O-O 18. Rad1 Ra7 19. Qc5 Rc7 20. Qxa5 Rb7 21. Qc5 Bd7 22. Qd4 Be8 23. c5 g6 24. Bc4 e5 25. Qe4 Kg7 26. Bb3 f5 27. Qd3 Bf7 28. h3 Bxb3 29.
cxb3 Rf7 30. Qc4 Qg5 31. Qc3 Rbe7 32. Rxc6 Kh6 33. Rf1 f4 34. exf4 exf4 35. Qf3 Re3 36. Qf2 Rg3 37. Rd6 f3 38. Qd2 Rxg2+ 39. Kh1 Rxd2 0-1

[Event "Late-Titled-Tuesday-Blitz-September-05-2023"]
[Site "Chess.com"]
[Date "2023.09.05"]
[Round "9"]
[White "Goryachkina"]
[Black "Djager97"]
[Result "1-0"]
[WhiteElo "2683"]
[BlackElo "2527"]
[TimeControl "180+1"]
[EndTime "15:44:46 PDT"]
[Termination "Goryachkina won by resignation"]

1. e4 e6 2. d4 d5 3. Bd3 dxe4 4.
Bxe4 Nf6 5. Bf3 c5 6. Ne2 Nc6 7. Be3 e5 8. Bxc6+ bxc6 9. c3 cxd4 10. cxd4 Bb4+ 11. Nbc3 exd4 12. Bxd4 O-O 13. O-O Be6 14. Re1 c5 15. Be3 Qxd1 16. Raxd1 Rfd8 17. a3 Bxc3 18. Nxc3 c4 19. Rxd8+ Rxd8 20. Bxa7 Nd5 21. Nxd5 Rxd5 22.
Be3 Kf8 23. f3 Ke7 24. Kf2 Rd3 25. a4 c3 26. bxc3 Rxc3 27. a5 Rc2+ 28. Kg3 Ra2 29. Bc5+ Kf6 30. Bb6 h5 31. h4 Ke7 32. Rc1 g6 33. Rg1 Kd6 34. Kf4 Ke7 35. Kg5 Ra3 36.
Bc5+ 1-0

[Event "Late-Titled-Tuesday-Blitz-September-05-2023"]
[Site "Chess.com"]
[Date "2023.09.05"]
[Round "9"]
[White "Witik"]
[Black "Ducke13"]
[Result "0-1"]
[WhiteElo "2648"]
[BlackElo "2477"]
[TimeControl "180+1"]
[EndTime "15:44:46 PDT"]
[Termination "Ducke13 won by resignation"]

1. e4 c5 2. Nf3 d6 3. d4 cxd4 4.
Nxd4 Nf6 5. Nc3 a6 6. Be3 e5 7. Nf3 Be7 8. Bc4 Be6 9. Bxe6 fxe6 10. O-O Nbd7 11. Ng5 Nf8 12. f4 exf4 13. Bxf4 h6 14.
Nh3 Ng6 15. Be3 O-O 16. Kh1 Rc8 17. a4 Ne5 18. Nf4 Qd7 19. Bd4 Nc6 20. Ng6 Rf7 21. e5 dxe5 22. Bxe5 Nxe5 23. Nxe5 Qxd1 24. Raxd1 Rff8 25. Ng6 Rf7 26. Rde1 Bb4 27. Rxe6 Bxc3 28. bxc3 Rxc3 29.
h3 Rxc2 30. Rd1 Kh7 31. Ne5 Rfc7 32. a5 Re2 33. Rdd6 Rc1+ 34. Kh2 Rcc2 35. Kg3 Ne4+ 36. Kf3 Nxd6 0-1

[Event "Late-Titled-Tuesday-Blitz-September-05-2023"]
[Site "Chess.com"]
[Date "2023.09.05"]
[Round "9"]
[White "WilsonPalencia21"]
[Black "Sulthankan"]
[Result "1-0"]
[WhiteElo "2548"]
[BlackElo "2373"]
[TimeControl "180+1"]
[EndTime "15:44:48 PDT"]
[Termination "WilsonPalencia21 won by resignation"]

1. d4 Nf6 2. c4 g6 3. Nc3 d5 4. Nf3 Bg7 5. Bg5 Ne4 6. cxd5 Nxg5 7. Nxg5 e6 8. Qd2 exd5 9. Qe3+ Kf8 10. Qf4 Bf6 11. h4 h6 12. Nf3 Kg7 13. e4 c5 14.
dxc5 dxe4 15. Nxe4 Bxb2 16. Bc4 Qe7 17. Rb1 Bc3+ 18.
Kf1 Ba5 19. Nd6 Bc7 20. Qd4+ f6 21. Nxc8 Rxc8 22. Rxb7 Nd7 23. h5 g5 24. Qd3 Nf8 25. c6 Rd8 26. Qc2 Rac8 27. g3 a5 28. Kg2 Rd6 29. Re1 Qd8 30. Qe4 Rb8 31. Qe7+ Qxe7 32. Rxe7+ Kh8 33. Rexc7 1-0

[Event "Late-Titled-Tuesday-Blitz-September-05-2023"]
[Site "Chess.com"]
[Date "2023.09.05"]
[Round "9"]
[White "Schwindle"]
[Black "nitpicker"]
[Result "1-0"]
[WhiteElo "2410"]
[BlackElo "2276"]
[TimeControl "180+1"]
[EndTime "15:44:51 PDT"]
[Termination "Schwindle won on time"]

1. e4 c5 2. d4 cxd4 3. c3 dxc3 4. Nxc3 Nc6 5. Nf3 d6 6. Bc4 a6 7. O-O Nf6 8. h3 e6 9. Qe2 Qc7 10. Rd1 Bd7 11. Bf4 Ne5 12. Bb3 b5 13. Rac1 Qb8 14.
Nxe5 dxe5 15. Bg5 Be7 16. Qd3 Qb7 17. Bxf6 Bxf6 18. Nd5 Rc8 19. Nxf6+ gxf6 20. Qd6 Rc6 21. Rxc6 Qxc6 22. Qd2 h5 23. Rc1 Qb6 24. a4 bxa4 25. Bxa4 Qb7 26. Rd1 O-O 27. Qxd7 Qxe4 28. b3 f5 29. Qe7 1-0

[Event "Late-Titled-Tuesday-Blitz-September-05-2023"]
[Site "Chess.com"]
[Date "2023.09.05"]
[Round "9"]
[White "GaiozNigalidze"]
[Black "Mesa_1"]
[Result "1-0"]
[WhiteElo "2781"]
[BlackElo "2625"]
[TimeControl "180+1"]
[EndTime "15:44:53 PDT"]
[Termination "GaiozNigalidze won by resignation"]

1. d4 Nf6 2. c4 g6 3. Nc3 Bg7 4. e4 d6 5. Nf3 O-O 6. h3 e5 7. d5 a5 8. Bd3 Na6 9. a3 Nd7 10.
Bc2 f5 11. exf5 gxf5 12. Ng5 Nf6 13. g4 e4 14. Ne6 Bxe6 15. dxe6 fxg4 16. hxg4 Nc5 17.
g5 Ne8 18. Qh5 Bxc3+ 19. bxc3 Qe7 20. Be3 Rf5 21. O-O-O Qg7 22. Rd5 Nd3+ 23. Kd2 Rxd5 24. cxd5 c5 25. dxc6 bxc6 26. Bxd3 exd3 27. Bd4 Qb7 28. g6 Qb2+ 29. Kxd3 Qb5+ 30. Qxb5 1-0

[Event "Late-Titled-Tuesday-Blitz-September-05-2023"]
[Site "Chess.com"]
[Date "2023.09.05"]
[Round "9"]
[White "dropstoneDP"]
[Black "Bauman_Guy"]
[Result "0-1"]
[WhiteElo "2998"]
[BlackElo "2914"]
[TimeControl "180+1"]
[EndTime "15:44:59 PDT"]
[Termination "Bauman_Guy won by resignation"]

1. d4 Nf6 2. Nf3 b6 3. Bf4 Bb7 4. h3 g6 5. e3 Bg7 6. a4 a6 7. Be2 d6 8. O-O O-O 9. Bh2 Nbd7 10. a5 b5 11. c4 b4 12. Nbd2 Re8 13. Nb3 e5 14.
dxe5 dxe5 15. Qd2 c5 16. Rfd1 Qc8 17. Qc2 Qc6 18. Ne1 Rad8 19. Bf3 e4 20. Rd6 Qc8 21. Be2 Nf8 22. Rad1 Ne6 23. Be5 Rxd6 24. Rxd6 Rd8 25. Rxd8+ Qxd8 26. Qd2 Qxd2 27. Nxd2 Nd7 28. Bxg7 Kxg7 29.
Bd1 Bc6 30. Bc2 f5 31. f3 exf3 32. Nexf3 Kf6 33. Kf2 Ne5 34. Nxe5 Kxe5 35. g3 Nd8 36. e4 fxe4 37. Ke3 Nb7 38. Nb3 Ba4 39. Bxe4 Bxb3 40.
Bxb7 Bxc4 41. h4 h6 42. Be4 g5 43. hxg5 hxg5 44. Bf3 Bb5 45. Bg4 c4 46. Bf3 c3 47.
bxc3 bxc3 48. Be4 Bc4 49. Bb7 Kd6 50. Be4 Kc5 51. Bf5 Bb5 52. Bc2 Kb4 53. Kd4 Ba4 0-1

[Event "Late-Titled-Tuesday-Blitz-September-05-2023"]
[Site "Chess.com"]
[Date "2023.09.05"]
[Round "9"]
[White "rasmussvane"]
[Black "kleinebeer98"]
[Result "0-1"]
[WhiteElo "2935"]
[BlackElo "2870"]
[TimeControl "180+1"]
[EndTime "15:45:00 PDT"]
[Termination "kleinebeer98 won by resignation"]

1. Nf3 d5 2. g3 Nc6 3. d4 g6 4. Bg2 Bg7 5. O-O Nf6 6. b3 O-O 7. Bb2 a5 8. a3 a4 9. b4 Ne4 10. e3 b5 11. Nfd2 Nxd2 12. Nxd2 e5 13. c4 bxc4 14.
Nxc4 exd4 15. b5 dxc4 16. Bxc6 Bh3 17. exd4 Bxf1 18. Qxf1 Rb8 19. Qxc4 Qd6 20. Qxa4 Rfd8 21. Rd1 h5 22. Qc4 h4 23. a4 Re8 24. Bxe8 Rxe8 25. Bc1 h3 26. Bf4 Qa3 27. Qf1 Qxa4 28. Bxc7 Bxd4 29. b6 Qc6 30. Qxh3 Bxf2+ 31. Kxf2 Qc2+ 32.
Kf3 Qe4+ 33. Kf2 Qe2+ 34. Kg1 Qxd1+ 35. Qf1 Re1 36. Qxe1 Qxe1+ 37. Kg2 0-1

[Event "Late-Titled-Tuesday-Blitz-September-05-2023"]
[Site "Chess.com"]
[Date "2023.09.05"]
[Round "9"]
[White "Fandorine"]
[Black "Msb2"]
[Result "0-1"]
[WhiteElo "2935"]
[BlackElo "3098"]
[TimeControl "180+1"]
[EndTime "15:45:01 PDT"]
[Termination "Msb2 won by resignation"]

1. c4 e6 2. g3 d5 3. Bg2 Nf6 4. Nf3 Nc6 5. d4 Bd6 6. Nc3 dxc4 7. O-O O-O 8. Qa4 e5 9. d5 Ne7 10. Qxc4 h6 11. e4 a6 12. Rd1 Ng6 13. h3 Bd7 14.
a3 Qe7 15. Be3 Rac8 16. Qd3 Rfd8 17. Rac1 c5 18. dxc6 Bxc6 19. Qb1 Bc7 20. Nd2 Qe6 21. b4 h5 22. Nb3 h4 23. Nc5 Qe8 24. Nd5 Bxd5 25.
exd5 hxg3 26. fxg3 e4 27. Nxb7 Rxd5 28. Nc5 Bxg3 29.
Rf1 Nh4 30. Nxe4 Rxc1 31. Nxf6+ gxf6 32. Qxc1 Rd3 33. Bf2 Nxg2 34. Kxg2 Qe3 35. Kg1 Bxf2+ 0-1

[Event "Late-Titled-Tuesday-Blitz-September-05-2023"]
[Site "Chess.com"]
[Date "2023.09.05"]
[Round "9"]
[White "Alohamora11"]
[Black "mbojan"]
[Result "1-0"]
[WhiteElo "2592"]
[BlackElo "2801"]
[TimeControl "180+1"]
[EndTime "15:45:01 PDT"]
[Termination "Alohamora11 won on time"]

1. e4 g6 2. d4 Nf6 3. Nc3 d5 4.
exd5 Nxd5 5. Bc4 Nxc3 6. bxc3 Bg7 7. Nf3 c5 8. O-O Nc6 9. Ba3 cxd4 10. cxd4 O-O 11. c3 Na5 12. Bd3 Qc7 13. Re1 Re8 14. Bb4 Nc4 15. Qb3 Nd6 16. Ng5 e6 17. a4 b6 18. a5 Bb7 19. axb6 axb6 20. Rxa8 Rxa8 21. Nxe6 fxe6 22. Rxe6 Nf7 23. Re7 Qf4 24. Rxb7 Bf8 25. g3 Qc1+ 26. Kg2 1-0

[Event "Late-Titled-Tuesday-Blitz-September-05-2023"]
[Site "Chess.com"]
[Date "2023.09.05"]
[Round "9"]
[White "WPWPWP-2015"]
[Black "YEIKO2017"]
[Result "0-1"]
[WhiteElo "2539"]
[BlackElo "2448"]
[TimeControl "180+1"]
[EndTime "15:45:01 PDT"]
[Termination "YEIKO2017 won by resignation"]

1. e4 c5 2. Nf3 Nf6 3. Nc3 d6 4.
d4 cxd4 5. Nxd4 g6 6. Be2 Bg7 7. O-O O-O 8. Be3 Nc6 9. Nb3 Be6 10.
f4 Qc8 11. h3 Rd8 12. Bf3 a5 13. Na4 Nd7 14. c3 b5 15. Nb6 Nxb6 16. Bxb6 Rd7 17.
f5 Bc4 18. Re1 Ne5 19. Bd4 a4 20. Nc1 Qb7 21. Rb1 b4 22. Kh2 bxc3 23. Bxc3 Nxf3+ 24. Qxf3 Rc8 25. Bxg7 Kxg7 26. b3 axb3 27. axb3 Ba6 28. Ra1 Rc2 29. Ra2 Rdc7 30. Rxc2 Rxc2 31. Qe3 Qb4 32. e5 dxe5 33. Qxe5+ Kg8 34. f6 exf6 35. Qb8+ Qxb8+ 36. Kg1 Qg3 0-1

[Event "Late-Titled-Tuesday-Blitz-September-05-2023"]
[Site "Chess.com"]
[Date "2023.09.05"]
[Round "9"]
[White "BogdanDeac"]
[Black "nihalsarin"]
[Result "0-1"]
[WhiteElo "3004"]
[BlackElo "3152"]
[TimeControl "180+1"]
[EndTime "15:45:02 PDT"]
[Termination "nihalsarin won on time"]

1. d4 a6 2. e4 c6 3. Nc3 d5 4. Nf3 Bg4 5. h3 Bh5 6. exd5 cxd5 7. g4 Bg6 8. h4 Nc6 9. Ne5 f6 10. Nxg6 hxg6 11. Bd3 Kf7 12. h5 gxh5 13. gxh5 e6 14. Bg6+ Ke7 15. Qg4 Qb6 16. Ne2 Nh6 17. Bxh6 Rxh6 18.
O-O-O f5 19. Qf4 Kd7 20. Qe3 Bd6 21. Nf4 Bxf4 22. Qxf4 Qc7 23. Qe3 Rf8 24. Kb1 Ne7 25. Rhg1 Rf6 26. c4 dxc4 27. d5 Nxd5 28. Qf3 Kc8 29.
Rge1 Kb8 30. Re2 Rh8 0-1

[Event "Late-Titled-Tuesday-Blitz-September-05-2023"]
[Site "Chess.com"]
[Date "2023.09.05"]
[Round "9"]
[White "The_Straightforward_Rook"]
[Black "Godzillator"]
[Result "0-1"]
[WhiteElo "2484"]
[BlackElo "2366"]
[TimeControl "180+1"]
[EndTime "15:45:03 PDT"]
[Termination "Godzillator won by resignation"]

1. d4 d5 2. Nf3 Nf6 3. c4 e6 4.
cxd5 exd5 5. Nc3 c6 6. Qc2 Be7 7. Bf4 O-O 8. h3 Be6 9. e3 Re8 10. Bd3 Nbd7 11. O-O Nf8 12. Ne5 Bd6 13. a3 Ng6 14.
Nxg6 hxg6 15. Bxd6 Qxd6 16. b4 b5 17. Ne2 a5 18. bxa5 Rxa5 19. Qc3 Rea8 20. Rfc1 Bd7 21.
Bb1 Rxa3 22. Rxa3 Qxa3 23. Qd2 Qe7 24. Nf4 Ne4 25. Bxe4 Qxe4 26. Nd3 Be8 27. Ne5 Ra6 28. f3 Qf5 29. Qc3 f6 30. Nd3 Ra2 31. Rc2 Rxc2 32. Qxc2 Qe6 33. Kf2 g5 34. Qb3 Bg6 35. Nc5 Qf5 36. e4 Qf4 37. exd5 Qxd4+ 38. Kg3 Qxc5 39. dxc6+ Bf7 0-1

[Event "Late-Titled-Tuesday-Blitz-September-05-2023"]
[Site "Chess.com"]
[Date "2023.09.05"]
[Round "9"]
[White "Bobbybunny"]
[Black "Jahonas"]
[Result "0-1"]
[WhiteElo "2222"]
[BlackElo "2400"]
[TimeControl "180+1"]
[EndTime "15:45:05 PDT"]
[Termination "Jahonas won by resignation"]

1. e4 c6 2. d4 d5 3. exd5 cxd5 4. Bd3 Nf6 5. h3 Nc6 6. c3 e5 7.
dxe5 Nxe5 8. Nf3 Nxd3+ 9. Qxd3 Be7 10. O-O O-O 11. Bf4 Qb6 12. Nbd2 g6 13. Nb3 Bf5 14.
Qd4 Qa6 15. Rfe1 Rfe8 16. Be5 Be4 17. Ng5 h6 18. Nxe4 dxe4 19. Qe3 Kh7 20. Bd4 Qe6 21. Nc5 Bxc5 22. Bxc5 b6 23. Bd4 Nd5 24. Qg3 f5 25.
c4 Nf6 26. b3 Nh5 27. Qc3 Rad8 28. Rad1 Rd7 29. Qc1 Red8 30. Ba1 Rd3 31. Rxd3 Rxd3 32. Qb2 Rd8 33. Rc1 Qd7 34. b4 Nf4 35. Kh2 Nd3 36.
Qf6 Nxc1 37. Bb2 Nd3 0-1

[Event "Late-Titled-Tuesday-Blitz-September-05-2023"]
[Site "Chess.com"]
[Date "2023.09.05"]
[Round "9"]
[White "Sanan_Sjugirov"]
[Black "Beca95"]
[Result "0-1"]
[WhiteElo "2889"]
[BlackElo "2968"]
[TimeControl "180+1"]
[EndTime "15:45:06 PDT"]
[Termination "Beca95 won on time"]

1. Nf3 Nf6 2. e3 e6 3. b3 b6 4. Bb2 Bb7 5. g3 Be7 6. Bg2 O-O 7. O-O c5 8. c4 d6 9. Qe2 Nbd7 10. Rd1 a6 11. Nc3 Ne4 12. Nxe4 Bxe4 13. d3 Bb7 14. d4 Be4 15. Bh3 Qc7 16. Nd2 Bg6 17. Bg2 Rad8 18. h4 h6 19. Rac1 Nf6 20. e4 cxd4 21. Bxd4 e5 22. Be3 Qb7 23. a4 Rc8 24. f3 Nd7 25. Nb1 Nc5 26. Qa2 f5 27. b4 Ne6 28. c5 Bf7 29. cxd6 Nd4 30. Qd2 Bxd6 31. Rxc8 Qxc8 32. f4 Rd8 33. Bxd4 exd4 34. e5 Bf8 35. Rc1 Qd7 36. Bc6 Qe6 37. b5 Qb3 38. Kh2 axb5 39.
Bxb5 Bb4 40. Qf2 d3 41. Nd2 Qb2 42. Rd1 Qc2 43. Qe1 Bb3 0-1

[Event "Late-Titled-Tuesday-Blitz-September-05-2023"]
[Site "Chess.com"]
[Date "2023.09.05"]
[Round "9"]
[White "Langua_Chess"]
[Black "IMSlavin"]
[Result "1-0"]
[WhiteElo "2489"]
[BlackElo "2190"]
[TimeControl "180+1"]
[EndTime "15:45:06 PDT"]
[Termination "Langua_Chess won by checkmate"]

1. d4 Nc6 2. d5 Ne5 3. e4 Ng6 4.
f4 e5 5. Ne2 exf4 6. Nxf4 Bc5 7. g3 Nf6 8. Bg2 d6 9. Nc3 Ng4 10. Qe2 O-O 11. Bd2 Bf2+ 12. Kd1 Bb6 13. Kc1 a5 14. a3 N4e5 15. Kb1 a4 16. Be3 Bxe3 17. Qxe3 b5 18. Na2 Nc4 19. Qd4 Nge5 20. Nb4 Bd7 21. Ka2 Qe7 22. Raf1 g6 23. h3 Rae8 24. g4 Rc8 25.
Rf2 c5 26. dxc6 Nxc6 27. Nfd5 Qd8 28. Nf6+ Kh8 29. Nxc6 Rxc6 30. Nxd7+ f6 31. Nxf8 Qxf8 32. Rxf6 Qg7 33. Rf8# 1-0

[Event "Late-Titled-Tuesday-Blitz-September-05-2023"]
[Site "Chess.com"]
[Date "2023.09.05"]
[Round "9"]
[White "SilverCityIndigo"]
[Black "copanchess"]
[Result "0-1"]
[WhiteElo "2294"]
[BlackElo "2184"]
[TimeControl "180+1"]
[EndTime "15:45:12 PDT"]
[Termination "copanchess won by resignation"]

1. d4 Nf6 2. c4 e6 3. Nc3 d5 4. cxd5 exd5 5. Bg5 Nbd7 6. e3 c6 7. Bd3 Bd6 8. Nge2 O-O 9. O-O h6 10. Bh4 Re8 11. Bg3 Bxg3 12. Nxg3 a5 13. Rb1 c5 14. dxc5 Nxc5 15. Bb5 Bd7 16. a4 Bc6 17. Nf5 Nfe4 18. Qg4 Qf6 19. Nd4 Nd2 20. Rbd1 Nxf1 21.
Rxf1 Ne4 22. Nce2 Re5 23. f4 h5 24. fxe5 Qxf1+ 25. Kxf1 hxg4 26. Nxc6 bxc6 27. Bxc6 Rd8 28. Nd4 Kf8 29. Ke2 Ke7 30. Bb5 Rc8 31. Nc6+ Ke6 32. Nxa5 Rc2+ 33. Kf1 Rf2+ 34. Kg1 Rxb2 35. h4 g3 36. Kf1 Kxe5 37. Nc6+ Kd6 38. Nd4 g6 39.
Nf3 Kc5 40. Ng5 Nxg5 41. hxg5 Kd6 42. Be8 Ke7 43. Bc6 Ke6 44. a5 Ra2 45. e4 Rxa5 46. exd5+ Rxd5 47. Ke2 Rxg5 0-1

[Event "Late-Titled-Tuesday-Blitz-September-05-2023"]
[Site "Chess.com"]
[Date "2023.09.05"]
[Round "9"]
[White "TheRigos"]
[Black "BeanScreen"]
[Result "1-0"]
[WhiteElo "2580"]
[BlackElo "2691"]
[TimeControl "180+1"]
[EndTime "15:45:14 PDT"]
[Termination "TheRigos won by checkmate"]

1. Nf3 d5 2. g3 Nc6 3. Bg2 e5 4. O-O h6 5. c4 dxc4 6. Qa4 Bd6 7. Na3 a6 8. Nxc4 b5 9. Nxd6+ cxd6 10. Qc2 Bb7 11.
d4 Rc8 12. dxe5 dxe5 13. Rd1 Qe7 14. Qf5 Nf6 15. Nxe5 Nxe5 16. Bxb7 Rc4 17. Bf4 Rc5 18. b4 Nf3+ 19. exf3 Rxf5 20. Bc6+ Nd7 21. Re1 Rf6 22. Bxd7+ Kxd7 23. Rad1+ Ke8 24. Rxe7+ Kxe7 25. Kg2 Rd8 26. Rc1 Rd7 27. Be3 Re6 28. Rc8 Kf6 29.
h4 Kg6 30. Rh8 Rc7 31. g4 Rc4 32. Bc5 f5 33. h5+ Kf6 34. Rf8+ Ke5 35. Rxf5# 1-0

[Event "Late-Titled-Tuesday-Blitz-September-05-2023"]
[Site "Chess.com"]
[Date "2023.09.05"]
[Round "9"]
[White "CFalcons8"]
[Black "sjoerd893"]
[Result "0-1"]
[WhiteElo "2325"]
[BlackElo "2443"]
[TimeControl "180+1"]
[EndTime "15:45:16 PDT"]
[Termination "sjoerd893 won by resignation"]

1. e4 c5 2. Nf3 Nc6 3. d4 cxd4 4. Nxd4 Nf6 5. Nc3 e5 6. Ndb5 d6 7. Bg5 a6 8. Na3 b5 9. Nd5 Be7 10. Bxf6 Bxf6 11. c4 b4 12. Nc2 a5 13. g3 O-O 14.
Bg2 g6 15. O-O Bg7 16. Qd3 Be6 17. b3 Kh8 18. Rad1 Ra7 19. f4 Nd4 20. Nxd4 exd4 21.
f5 gxf5 22. exf5 Bxd5 23. Bxd5 Qg5 24. Rf4 Re7 25. Qf1 Bf6 26. Bf3 Rg8 27. Bg2 Re3 28. Rd3 Be5 29. Rh4 Rxd3 30. Qxd3 Bf6 31. Bf3 Qc1+ 32.
Kg2 Bxh4 0-1

[Event "Late-Titled-Tuesday-Blitz-September-05-2023"]
[Site "Chess.com"]
[Date "2023.09.05"]
[Round "9"]
[White "Zhigalko_Sergei"]
[Black "Rutricks"]
[Result "0-1"]
[WhiteElo "2872"]
[BlackElo "2697"]
[TimeControl "180+1"]
[EndTime "15:45:17 PDT"]
[Termination "Rutricks won on time"]

1. e4 Nf6 2. e5 Nd5 3. d4 d6 4. Nf3 c6 5. c4 Nc7 6. Bd3 Bg4 7.
O-O dxe5 8. dxe5 Nd7 9. Bf4 Ne6 10. Bg3 Qb6 11. Nbd2 Qxb2 12. h3 Bxf3 13. Nxf3 Ndc5 14. Bf5 Rd8 15. Qe1 g6 16. Bxe6 Nxe6 17. Qe3 Qb6 18. Qxb6 axb6 19. Rfb1 Bh6 20. Rxb6 Nc5 21. e6 fxe6 22.
Be5 O-O 23. a4 Bf4 24. Bd4 Rxd4 25. Nxd4 Be5 26. Nxe6 Nxe6 27. Rd1 Nc5 28. a5 Ra8 29. Rbb1 Rxa5 30. Rd8+ Kg7 31. Re1 Bd6 32. Rc1 Ra2 33. g3 Nd3 34. Rf1 Nxf2 35. Kg2 Ne4+ 36. Kf3 Nd2+ 0-1

[Event "Late-Titled-Tuesday-Blitz-September-05-2023"]
[Site "Chess.com"]
[Date "2023.09.05"]
[Round "9"]
[White "Perdomov"]
[Black "PapaieDudu"]
[Result "0-1"]
[WhiteElo "2175"]
[BlackElo "2295"]
[TimeControl "180+1"]
[EndTime "15:45:18 PDT"]
[Termination "PapaieDudu won on time"]

1. e4 c5 2. d4 cxd4 3. c3 dxc3 4.
Nxc3 Nc6 5. Nf3 d6 6. Bc4 Nf6 7. O-O e6 8. Bg5 Be7 9. Qe2 O-O 10. Rfd1 Qc7 11. Bxf6 gxf6 12. Rac1 a6 13. Nh4 Qa5 14. Bd5 Ne5 15. f4 Ng6 16. b4 Qxb4 17. Nxg6 hxg6 18. Bb3 Re8 19. Qg4 Kg7 20. Qg3 Rd8 21. Ne2 Qxe4 22. Nd4 e5 23. Bc2 Qxf4 24. Qe1 exd4 25. Qxe7 Bg4 26.
Re1 Rd7 27. Qe4 Qxe4 28. Rxe4 Bf5 29. Rxd4 Rc8 30. g4 Rxc2 0-1

[Event "Late-Titled-Tuesday-Blitz-September-05-2023"]
[Site "Chess.com"]
[Date "2023.09.05"]
[Round "9"]
[White "wanyaland"]
[Black "DefiantChair"]
[Result "1-0"]
[WhiteElo "2353"]
[BlackElo "2638"]
[TimeControl "180+1"]
[EndTime "15:45:23 PDT"]
[Termination "wanyaland won by resignation"]

1. d4 Nf6 2. c4 e6 3. g3 d5 4.
Bg2 dxc4 5. Nf3 a6 6. a4 Nc6 7. O-O Be7 8. Na3 Na5 9. Qc2 Nb3 10. Ra2 Bxa3 11. Rxa3 Nxd4 12. Nxd4 Qxd4 13. Rd1 Qc5 14. Rc3 O-O 15. Rxc4 Qb6 16. Be3 Qa5 17. b4 Qh5 18. Bf3 Qg6 19. Qxg6 hxg6 20. Rxc7 Rb8 21. a5 e5 22. Ba7 Ra8 23. Bc5 Re8 24. Bxb7 Bxb7 25.
Rxb7 e4 26. Rd6 Re6 27. Rxe6 fxe6 28. h3 Nd5 29. Bd4 Nf6 30. g4 g5 31. e3 Re8 32.
Be5 Nd5 33. Rxg7+ Kf8 34. Rb7 Rc8 35. b5 Rc1+ 36. Kg2 axb5 37. a6 Rc2 38. Kg3 Ra2 39.
a7 Nb6 40. Bd4 Nc8 41. Rb8 e5 42. Bc5+ Kf7 43. Rxc8 1-0

[Event "Late-Titled-Tuesday-Blitz-September-05-2023"]
[Site "Chess.com"]
[Date "2023.09.05"]
[Round "9"]
[White "ChEsper99"]
[Black "Akhayan"]
[Result "1-0"]
[WhiteElo "2195"]
[BlackElo "2348"]
[TimeControl "180+1"]
[EndTime "15:45:23 PDT"]
[Termination "ChEsper99 won by checkmate"]

1. e4 e5 2. Nf3 Nc6 3. Bc4 Nf6 4. d3 Bc5 5. O-O d6 6. c3 O-O 7. h3 a6 8. a4 Ba7 9. Re1 h6 10. Nbd2 Be6 11. b4 Ne7 12. Qb3 Bxc4 13. Nxc4 Ng6 14. Be3 Nh5 15. b5 Qf6 16. Bxa7 Rxa7 17.
b6 cxb6 18. Qxb6 Raa8 19. Qxd6 Qxd6 20. Nxd6 Rad8 21. Nxb7 Rxd3 22. Nc5 Rxc3 23. Nxa6 Ra8 24. Nb4 Rc4 25. Nd3 Rcxa4 26. Rxa4 Rxa4 27. Ndxe5 Nxe5 28. Nxe5 Nf6 29. f3 Ra2 30. Kf1 Nh5 31. Ng4 Nf4 32. Nf2 g5 33. g3 Ne6 34. Re2 Ra1+ 35. Kg2 Kg7 36. e5 Ra3 37. Ne4 Nd4 38. Rf2 Ra5 39. f4 gxf4 40. gxf4 Nf5 41. Nf6 Ra3 42. Rb2 Rg3+ 43.
Kh2 Rf3 44. Rg2+ Kf8 45. Rg8+ Ke7 46. Re8# 1-0